 Dungeon Crawl Stone Soup version 0.25.1-2-g60ff931df9 (webtiles) character file.

Game seed: 8841422634944534025

639 Elvor the Cudgeler (level 7, -14/61 HPs)
             Began as a Minotaur Fighter on Sept 7, 2020.
             Demolished by an orc warrior
             ... wielding a +0 trident
              (22 damage)
             ... on level 5 of the Dungeon.
             The game lasted 00:30:36 (3718 turns).

Elvor the Cudgeler (Minotaur Fighter)               Turns: 3718, Time: 00:30:36

Health: -14/61     AC:  9    Str: 23    XL:     7   Next: 25%
Magic:  6/6        EV:  8    Int:  5    God:
Gold:   260        SH: 10    Dex:  9    Spells: 6/6 levels left

rFire    + . .     SeeInvis .   a - +0 flail
rCold    . . .     Gourm    .   c - +0 kite shield
rNeg     . . .     Faith    .   E - +2 scale mail {rPois}
rPois    +         Spirit   .   (helmet restricted)
rElec    .         Reflect  .   (no cloak)
rCorr    .         Harm     .   (no gloves)
MR       .....                  (no boots)
Stlth    ..........             (no amulet)
HPRegen  0.20/turn              B - ring of protection from fire (curse)
MPRegen  0.10/turn              (no ring)

@: no status effects
A: retaliatory headbutt, horns 2
a: no special abilities


You were on level 5 of the Dungeon.
You were not hungry.

You visited 1 branch of the dungeon, and saw 5 of its levels.
You also visited: Ossuary.

You collected 260 gold pieces.

Inventory:

Hand Weapons
 a - a +0 flail (weapon)
 n - a +4 hunting sling
 C - a +2 vorpal spear
Missiles
 o - 21 poisoned darts (quivered)
 G - 4 javelins
Armour
 c - a +0 kite shield (worn)
 q - a +0 plate armour
 t - a +1 leather armour of poison resistance
 E - a +2 scale mail of poison resistance (worn)
Jewellery
 B - a cursed ring of protection from fire (left hand)
Wands
 D - a wand of flame (17)
 H - a wand of enslavement (7)
Scrolls
 b - 2 scrolls of fog
 e - 3 scrolls of remove curse {unknown}
 g - 6 scrolls of teleportation
 j - a scroll of fear {unknown}
 m - 2 scrolls of enchant weapon {unknown}
 r - 3 scrolls of amnesia
 u - 3 scrolls of magic mapping
 v - 2 scrolls of random uselessness {unknown}
 w - 3 scrolls of immolation
 y - a scroll of noise {unknown}
 F - a scroll of enchant armour {unknown}
Potions
 d - a potion of might
 h - 2 potions of lignification
 i - 6 potions of curing
 k - 3 potions of invisibility {unknown}
 l - 2 potions of resistance
 p - a potion of ambrosia {unknown}
 s - 3 potions of flight
 x - a potion of degeneration {unknown}
 z - a potion of stabbing {unknown}
 A - 2 potions of magic
Comestibles
 f - 4 rations


   Skills:
 + Level 5.1 Fighting
 * Level 7.3 Maces & Flails
 + Level 0.2 Throwing
 + Level 5.0 Armour
 + Level 0.2 Dodging
 + Level 5.3 Shields


You had 6 spell levels left.
You didn't know any spells.
Your spell library was empty.

Dungeon Overview and Level Annotations

Branches:
Dungeon (5/15)            Ossuary (visited)
 Temple: D:4-7

Altars:
Gozag
Kikubaaqudgha
Nemelex Xobeh


Innate Abilities, Weirdness & Mutations

You reflexively headbutt those who attack you in melee.
You have a pair of horns on your head.


Message History

The orc wizard begins to cast a cantrip, but forgets the words!
The orc warrior hits you from afar with a +0 trident!
You hit the orc priest.
You headbutt the orc priest, but do no damage.
The orc priest is severely wounded.
The orc wizard looks encouraged for a moment.
You block the frilled lizard's attack.
The orc priest calls down the wrath of Beogh upon you.
Beogh smites you!
* * * LOW HITPOINT WARNING * * *
The orc warrior closely misses you.
The orc wizard mumbles some strange words.
The orc wizard blinks!
Unknown command.
You hit the orc priest.
You kill the orc priest!
Your Armour skill increases to level 5!
You block the orc wizard's attack. You block the frilled lizard's attack.
The orc warrior hits you from afar with a +0 trident!!
You die...

######### #####.......#
.......o....############
..ยง..ol@................
......o#####.###########
....... #.# #.....#
....... #.#####.###.#
......o #...........#
....... #######.#####
....... #.# #. .......
#####.####< .... .....
..........


You could see an orc warrior, 2 orc wizards, an orc and a frilled lizard.

Vanquished Creatures
  A wraith (Ossuary)
  An ogre (D:4)
  A necrophage (D:5)
  An orc wizard (D:4)
  An orc priest (D:5)
  2 worker ants
  Ijyb (D:3)
  A mummy (Ossuary)
  Robin (D:4)
  4 adders
  3 oozes
  2 adder skeletons (D:4)
  2 worms
  3 dart slugs (D:1)
  4 leopard geckos
  4 orcs
  A ball python (D:4)
  3 bats
  2 giant cockroaches
  12 goblins
  8 hobgoblins
  3 jackals (D:4)
  A quokka (D:2)
  10 frilled lizards
  8 gnoll skeletons (Ossuary)
  12 kobolds
  6 kobold skeletons (Ossuary)
  11 orc skeletons (Ossuary)
  9 rats
  3 bushes (D:2)
  A plant (D:2)
122 creatures vanquished.

Vanquished Creatures (others)
  A plant (D:2)
1 creature vanquished.

Grand Total: 123 creatures vanquished

Notes
Turn   | Place    | Note
-------+----------+-------------------------------------------
     0 | D:1      | Elvor the Minotaur Fighter began the quest for the Orb.
     0 | D:1      | Reached XP level 1. HP: 19/19 MP: 0/0
   252 | D:1      | Reached XP level 2. HP: 24/27 MP: 1/1
   419 | D:1      | Reached XP level 3. HP: 22/33 MP: 2/2
  1145 | D:2      | Reached skill level 3 in Maces & Flails
  1261 | D:2      | Reached XP level 4. HP: 15/41 MP: 3/3
  1314 | D:2      | You fall into a shaft and drop 2 floors!
  1514 | D:4      | Reached skill level 4 in Maces & Flails
  1586 | D:4      | Reached XP level 5. HP: 46/47 MP: 4/4
  1632 | D:4      | Noticed an ogre
  1639 | D:4      | Killed an ogre
  1639 | D:4      | Reached skill level 5 in Maces & Flails
  1693 | D:4      | Noticed Robin
  1701 | D:4      | Killed Robin
  1756 | D:4      | Found a sand-covered staircase.
  1760 | Ossuary  | Entered an ossuary
  1760 | Ossuary  | Noticed a wraith
  1760 | Ossuary  | Noticed a wraith
  1760 | Ossuary  | Noticed a wraith
  1851 | Ossuary  | Reached XP level 6. HP: 51/53 MP: 5/5
  1973 | Ossuary  | Noticed a wraith
  1987 | Ossuary  | Killed a wraith
  1987 | Ossuary  | Reached skill level 6 in Maces & Flails
  1987 | Ossuary  | Reached skill level 5 in Shields
  2156 | D:3      | Found an ancient bone altar of Kikubaaqudgha.
  2193 | D:3      | Reached skill level 5 in Fighting
  2225 | D:3      | Found a faded altar of an unknown god.
  2506 | D:2      | Found an opulent altar of Gozag.
  2507 | D:2      | Found a sparkling altar of Nemelex Xobeh.
  3000 | D:3      | Noticed Ijyb
  3020 | D:3      | Killed Ijyb
  3188 | D:4      | Reached XP level 7. HP: 60/61 MP: 6/6
  3382 | D:5      | Entered Level 5 of the Dungeon
  3597 | D:5      | Reached skill level 7 in Maces & Flails
  3718 | D:5      | Reached skill level 5 in Armour
  3718 | D:5      | Demolished by an orc warrior

Illustrated notes

Levels and vault maps discovered:
D:1:      scummos_arrival_simple_fountains, layout_basic,
          chequers_serial_rivers_small_3, minmay_box_of_dots
D:2:      layout_loops_ring, grunt_temple_overflow_opulence, first_ration,
          lexackson_kobold_supper
D:3:      layout_rooms, old_standard_altar, chequers_ecumenical_altar_island,
          uniq_ijyb
D:4:      layout_loops_cross, enter_ossuary_5, minmay_misc_feat_room, uniq_robin
D:5:      layout_basic, serial_bayou_crossing, uniq_menkaure

Skill      XL: |  1  2  3  4  5  6  7 |
---------------+----------------------+-----
Fighting       | 4 5 |  5.1
Shields        | 4 5 |  5.3
Armour         | 4 5 |  5.0
Maces & Flails | 3 4 5 6 7 |  7.3
Throwing       | |  0.2
Dodging        | |  0.2

Action                   |  1- 3 |  4- 6 |  7- 9 || total
-------------------------+-------+-------+-------++-------
Melee: Flail             |    85 |   324 |    35 ||   444
       Headbutt          |    17 |    76 |     8 ||   101
Throw: Dart              |       |     5 |       ||     5
  Use: Potion            |     2 |       |       ||     2
       Scroll            |       |     6 |     3 ||     9
  Eat: Chunk             |     1 |     5 |       ||     6
       Ration            |       |     1 |       ||     1
Armor: Scale mail        |     8 |     5 |    12 ||    25
       Chain mail        |    23 |     8 |       ||    31
       Plate armour      |       |    90 |       ||    90
Dodge: Dodged            |    12 |    43 |    10 ||    65
Block: Kite shield       |    39 |   115 |    23 ||   177
